Map: Cyber Forest LE

Players

Namshar

  • Race: Zerg Zerg
  • Spawn Location: 5:00

Nerchio - Winner!

  • Race: Zerg Zerg
  • Spawn Location: 11:00

Event: 2019 WCS Summer

VOD

Have the link to the VOD?

Description

Time

  • Played on: July 12, 2019, 11:42 a.m.
  • Length: 7:34

All games in this series

Show
View Real Time Build Order
Export as new Build Order

Namshar Zerg 

Build Orders: Hatch First 

Get SALT Encoding   

  12  0:00  Drone  
  13  0:12  Overlord  
  13  0:17  Drone  
  14  0:30  Drone x2  
  16  0:47  Hatchery  
  15  0:50  Drone  
  15  0:54  Drone  
  17  1:08  Spawning Pool  
  17  1:10  Extractor  
  15  1:12  Drone  
  15  1:16  Drone  
  17  1:19  Drone  
  18  1:28  Drone  
  19  1:38  Drone  
  20  1:49  Drone  
  21  1:58  Queen x2  
  21  1:59  Drone, Overlord  
  26  2:10  Drone  
  26  2:11  Metabolic Boost, Drone  
  28  2:21  Zergling x4  
  30  2:32  Zergling x2, Drone  
  32  2:37  Hatchery  
  32  2:42  Drone  
  32  2:49  Baneling Nest  
  31  2:53  Drone  
  31  2:54  Overlord  
  31  3:00  Drone  
  32  3:08  Drone x3  
  32  3:12  Drone  
  36  3:14  Zergling x4  
  36  3:16  Zergling x2  
  36  3:19  Overlord  
  39  3:24  Queen  
  41  3:29  Drone x2  
  41  3:33  Baneling x2  
  43  3:38  Evolution Chamber  
  43  3:39  Drone x3  
  45  3:46  Drone  
  45  3:47  Drone x2  
  45  3:48  Drone  
  49  3:52  Overlord  
  49  3:55  Drone x2  
  51  4:04  Drone x2  
  51  4:08  Zergling x4  
  54  4:11  Zerg Missile Weapons Level 1  
  55  4:17  Drone x5  
  55  4:22  Overlord  
  59  4:28  Drone x2  
  59  4:30  Lair  
  61  4:32  Roach Warren  
  61  4:33  Extractor  
  61  4:34  Extractor  
  61  4:36  Drone x3  
  61  4:43  Overlord  
  61  4:44  Drone x5  
  65  4:49  Drone  
  65  4:50  Drone x3  
  69  4:52  Overlord  
  69  4:58  Extractor  
  68  5:02  Zergling x4  
  68  5:05  Baneling  
  70  5:07  Zergling x6  
  70  5:11  Zergling x4  
  74  5:15  Zergling x6  
  75  5:24  Drone  
  75  5:25  Drone x6, Extractor  
  75  5:26  Extractor  
  80  5:32  Spine Crawler, Roach x2  
  80  5:33  Baneling x5, Spine Crawler  
  80  5:35  Overlord  
  82  5:39  Spine Crawler, Roach  
  82  5:40  Roach x2  
  82  5:42  Baneling  
  88  5:43  Baneling  
  88  5:46  Baneling  
  88  5:47  Overlord  
  88  5:48  Overlord  
  87  6:02  Roach x8  
  94  6:05  Roach  
  94  6:10  Roach  
  94  6:11  Roach x3  
  99  6:14  Roach x2  
  99  6:18  Roach  
  97  6:24  Roach x4  
  96  6:28  Roach  
  86  6:33  Roach x2  
  76  6:44  Roach x4  
  72  6:47  Roach  
  72  6:51  Roach  
  68  6:56  Roach x2  
  68  6:58  Roach  
  64  7:02  Roach  
  64  7:06  Roach x2  
  62  7:10  Roach  
  62  7:13  Roach  
Show
View Real Time Build Order
Export as new Build Order

Nerchio Zerg - Winner!

Build Orders: Hatch First 

Get SALT Encoding   

  12  0:00  Drone  
  13  0:12  Overlord  
  13  0:17  Drone  
  14  0:30  Drone x2  
  16  0:48  Hatchery  
  15  0:52  Drone  
  15  0:55  Drone  
  17  1:11  Spawning Pool  
  16  1:13  Drone  
  16  1:16  Extractor  
  16  1:19  Drone  
  16  1:22  Drone  
  18  1:28  Drone  
  19  1:39  Drone  
  20  1:49  Overlord  
  20  1:58  Queen  
  20  1:59  Queen  
  24  2:02  Zergling x4  
  26  2:10  Drone x2  
  28  2:15  Metabolic Boost  
  28  2:21  Drone x2  
  30  2:37  Hatchery  
  30  2:39  Drone  
  30  2:42  Drone  
  31  2:48  Baneling Nest  
  30  2:53  Drone x2  
  30  2:58  Overlord  
  32  3:02  Zergling x2  
  32  3:06  Zergling x2  
  32  3:08  Drone x2  
  35  3:14  Overlord  
  35  3:16  Drone x2  
  35  3:19  Drone  
  38  3:22  Drone  
  38  3:25  Overlord  
  39  3:31  Queen  
  41  3:37  Evolution Chamber  
  41  3:41  Drone x3  
  41  3:42  Drone  
  41  3:46  Baneling  
  41  3:48  Zergling x4  
  46  3:50  Zergling x2  
  46  3:54  Drone x3  
  50  4:01  Drone x3  
  53  4:06  Drone  
  53  4:07  Drone  
  55  4:10  Extractor  
  55  4:14  Extractor, Roach Warren  
  55  4:15  Drone x2  
  54  4:19  Overlord  
  54  4:28  Drone x3  
  56  4:34  Overlord x2  
  56  4:38  Zergling x4  
  58  4:40  Zergling x4  
  60  4:52  Baneling  
  60  4:58  Roach  
  60  4:59  Roach x8  
  78  5:02  Roach  
  78  5:03  Roach  
  82  5:07  Overlord  
  82  5:12  Roach x2  
  85  5:17  Roach  
  85  5:18  Roach  
  85  5:21  Roach x2  
  89  5:25  Overlord  
  89  5:26  Overlord  
  88  5:32  Baneling  
  88  5:33  Baneling x6, Zergling x2  
  88  5:34  Zergling x2  
  90  5:36  Zergling x2  
  90  5:38  Zergling x2  
  90  5:39  Zergling x2  
  90  5:40  Zergling x2  
  90  5:42  Zergling x2, Ravager  
  96  5:44  Zergling x2  
  96  5:45  Zergling x2  
  96  5:47  Zergling x2  
  99  5:50  Zergling x2  
  99  5:54  Zergling x2  
  99  5:55  Zergling x2  
  102  5:59  Zergling x12  
  102  6:02  Zergling x2  
  102  6:03  Zergling x2  
  108  6:05  Zergling x2  
  108  6:06  Zergling x2  
  107  6:12  Zergling x2  
  107  6:15  Zergling x2  
  107  6:16  Zergling x2  
  104  6:22  Roach  
  104  6:24  Zergling x2  
  104  6:25  Zergling x10  
  112  6:27  Zergling x4  
  112  6:29  Ravager  
  112  6:31  Zergling x2  
  112  6:32  Ravager  
  109  6:40  Roach x2  
  109  6:42  Roach x2  
  109  6:45  Roach x2  
  112  6:51  Roach x2  
  112  6:53  Roach x2  
  112  6:54  Roach x2  
  110  6:57  Roach  
  111  7:04  Roach x2  
  111  7:08  Roach  
  113  7:13  Overlord  
Tags
 
Add a new tag
Caveats
  • Supply blocks, unpowered buildings, or Contaminate may cause inaccurate times.
  • Supply counts are checked every 10 seconds.